 Dungeon Crawl Stone Soup version 0.24-a0-539-g6aae15eeb0 (webtiles) character file.

Game seed: 13990774179540334870

142 BinkBink the Ducker (level 5, -4/39 HPs)
             Began as a Demonspawn Gladiator on Aug 17, 2019.
             Killed by nerve-wracking pain
             ... invoked by an orc priest
              (12 damage)
             ... on level 2 of the Dungeon.
             The game lasted 00:05:27 (2213 turns).

BinkBink the Ducker (Demonspawn Gladiator)          Turns: 2213, Time: 00:05:28

Health: -4/39      AC:  7    Str: 14    XL:     5   Next: 4%
Magic:  5/5        EV: 14    Int:  9    God:
Gold:   75         SH:  0    Dex: 16    Spells: 4/4 levels left

rFire    + . .     SeeInvis .   h - +5 dagger (venom)
rCold    . . .     Gourm    .   (no shield)
rNeg     . . .     Faith    .   l - +3 leather armour
rPois    .         Spirit   .   c - +0 helmet
rElec    .         Reflect  .   (no cloak)
rCorr    .         Harm     .   (no gloves)
MR       .....                  (no boots)
Stlth    ++........             (no amulet)
HPRegen  0.13/turn              (no ring)
MPRegen  0.09/turn              (no ring)

@: no status effects
A: claws 1, demonic guardian 1, fire resistance 1, sturdy frame 1
a: no special abilities


You were on level 2 of the Dungeon.
You were not hungry.

You visited 1 branch of the dungeon, and saw 3 of its levels.

You collected 75 gold pieces.

Inventory:

Hand Weapons
 a - a +0 trident
 h - a +5 dagger of venom (weapon)
Missiles
 d - 3 throwing nets (quivered)
Armour
 c - a +0 helmet (worn)
 l - a +3 leather armour (worn)
Scrolls
 b - a scroll of magic mapping
 j - a scroll of teleportation
 p - 2 scrolls of blinking
Potions
 e - a potion of agility {unknown}
 g - a potion of degeneration {unknown}
 i - 2 potions of ambrosia
 n - a potion of lignification {unknown}
 q - a potion of brilliance {unknown}
Comestibles
 f - 2 rations
 k - 6 chunks of flesh


   Skills:
 + Level 2.3 Fighting
 + Level 1.4 Short Blades
 + Level 3.3 Polearms
 + Level 1.9 Throwing
 + Level 1.7 Armour
 + Level 3.5 Dodging
 + Level 0.6 Stealth


You had 4 spell levels left.
You didn't know any spells.
Your spell library was empty.

Dungeon Overview and Level Annotations

Branches:
Dungeon (3/15)

Altars:

Annotations:
D:3 Grinder


Innate Abilities, Weirdness & Mutations

You have sharp fingernails.
A weak demonic guardian rushes to your aid.
Your flesh is heat resistant. (rF+)
Your movements are slightly less encumbered by armour. (ER -2)


Message History

You suddenly lose the ability to move!
Your shadow imp hits Grinder.
Grinder gestures at you.
You barely resist.
Your shadow imp hits Grinder.
You can move again.
The orc priest shouts!
Grinder gestures at you. You resist with significant effort.
Your shadow imp barely misses Grinder.
The orc priest looks encouraged for a moment.
Grinder blinks!
The orc priest hits you but does no damage.
There is a stone staircase leading up here.
Your quasit bites the orc priest.
Your quasit claws the orc priest. x2
The orc priest completely misses you.
You climb upwards.
Your summoned ally is left behind.
There is a stone staircase leading down here.
You hit the orc priest.
The orc priest is poisoned.
The orc priest is heavily wounded.
The orc priest invokes the aid of Beogh against you.
Pain shoots through your body!
You die...

#.# ##.##......[..##.# #.#
#..#..######.##.# #.#
#######..#..# #.##[# ###.#
#.....##.#..# #.##.# ....#
#.....##....# #.##.#
....###.....##....# #.##.#
......'.....'.....# #.##.#
#######.....##.[..######.##.#
#.....##.)@.(......##.#
########.รท.o#########.#
####.# #<#####.# #.#
#......># ##### #.# #########
...<# #.# .######## #.# .#
#...# #.# .####..)#########.#


You could see an orc priest.

Vanquished Creatures
  An orc priest (D:3)
  An ooze (D:1)
  An adder skeleton (D:2)
  3 worms (D:2)
  3 dart slugs
  3 leopard geckos
  8 orcs
  2 ball pythons
  3 giant cockroaches
  8 goblins
  10 hobgoblins
  9 jackals
  6 bats
  5 frilled lizards
  3 kobolds (D:1)
  7 rats
73 creatures vanquished.

Vanquished Creatures (collateral kills)
  A frilled lizard (D:3)
1 creature vanquished.

Grand Total: 74 creatures vanquished

Notes
Turn   | Place    | Note
-------+----------+-------------------------------------------
     0 | D:1      | BinkBink the Demonspawn Gladiator began the quest for the
                  | Orb.
     0 | D:1      | Reached XP level 1. HP: 16/16 MP: 1/1
   261 | D:1      | Gained mutation: A weak demonic guardian rushes to your
                  | aid. [demonic ancestry]
   261 | D:1      | Reached XP level 2. HP: 16/22 MP: 2/2
   950 | D:1      | Gained mutation: Your flesh is heat resistant. (rF+)
                  | [demonic ancestry]
   950 | D:1      | Reached XP level 3. HP: 26/27 MP: 3/3
  1531 | D:2      | Reached skill level 1 in Armour
  1705 | D:2      | Gained mutation: You have sharp fingernails. [demonic
                  | ancestry]
  1705 | D:2      | Reached XP level 4. HP: 28/33 MP: 4/4
  1773 | D:2      | Reached skill level 1 in Short Blades
  1790 | D:3      | Noticed Grinder
  2136 | D:3      | Gained mutation: Your movements are slightly less
                  | encumbered by armour. (ER -2) [demonic ancestry]
  2136 | D:3      | Reached XP level 5. HP: 36/39 MP: 5/5
  2146 | D:3      | Paralysed by Grinder for 3 turns
  2157 | D:3      | Paralysed by Grinder for 2 turns
  2192 | D:3      | Paralysed by Grinder for 4 turns
  2199 | D:3      | Paralysed by Grinder for 6 turns
  2213 | D:2      | Killed from afar by an orc priest

Levels and vault maps discovered:
D:1:      dpeg_arrival_boxes_within_box, layout_basic,
          chequers_serial_rivers_room_a
D:2:      layout_basic
D:3:      layout_rooms, nemelex_altar_shiori, uniq_grinder

Skill      XL: |  1  2  3  4 |
---------------+-------------+-----
Dodging        | 3 |  3.5
Polearms       | 3 |  3.3
Armour         | 1 |  1.7
Short Blades   | 1 |  1.4
Fighting       | |  2.3
Throwing       | |  1.9
Stealth        | |  0.6

Action                   |  1- 3 |  4- 6 || total
-------------------------+-------+-------++-------
Melee: Trident           |    12 |       ||    12
       Dagger            |   106 |    79 ||   185
  Use: Scroll            |       |    10 ||    10
 Stab: Sleeping          |     1 |     2 ||     3
  Eat: Chunk             |     2 |     2 ||     4
Armor: Leather armour    |    25 |    38 ||    63
Dodge: Dodged            |    67 |    71 ||   138

Table legend:
 A = Non-vault XP
 B = Vault XP
 C = Vault XP percentage of total XP
 D = Non-vault monster count
 E = Vault monster count
 F = Vault count percentage of total count
                 A         B        C        D         E       F
            +---------+---------+-------+---------+---------+-------
      Total |     204 |       0 |   0.0 |      74 |       0 |   0.0
            +---------+---------+-------+---------+---------+-------
        D:1 |      47 |       0 |   0.0 |      23 |       0 |   0.0
        D:2 |      67 |       0 |   0.0 |      25 |       0 |   0.0
        D:3 |      90 |       0 |   0.0 |      26 |       0 |   0.0
            +---------+---------+-------+---------+---------+-------
